Map: Świat Śniących ER

Players

Legol

  • Race: Protoss Protoss
  • League: Platinum
  • Spawn Location: 7:00

Hitodemuraga - Winner!

  • Race: Zerg Zerg
  • League: Diamond
  • Spawn Location: 1:00

VOD

Have the link to the VOD?

Description

Time

  • Played on: Jan. 9, 2020, 5:03 p.m.
  • Length: 8:58
Show
View Real Time Build Order
Export as new Build Order

Legol Protoss 

Build Orders: 1 Gate Expand 

Get SALT Encoding   

  12  0:01  Probe  
  13  0:13  Probe  
  14  0:24  Pylon  
  14  0:25  Probe  
  16  0:42  Probe (Chrono Boost)  
  16  0:44  Gateway  
  16  0:53  Assimilator  
  16  0:55  Probe (Chrono Boost)  
  17  1:00  Probe (Chrono Boost)  
  18  1:09  Probe  
  19  1:28  Nexus  
  19  1:36  Cybernetics Core  
  19  1:37  Probe  
  20  1:49  Probe  
  21  1:57  Gateway  
  21  2:01  Gateway  
  21  2:02  Probe (Chrono Boost)  
  22  2:10  Assimilator  
  22  2:14  Probe (Chrono Boost)  
  23  2:19  Warp Gate  
  23  2:28  Pylon  
  23  2:40  Probe  
  23  2:42  Gateway  
  25  2:45  Adept (Chrono Boost)  
  25  2:46  Shield Battery  
  25  2:47  Adept (Chrono Boost)  
  27  2:54  Probe x2  
  29  3:09  Adept  
  31  3:14  Probe  
  31  3:15  Probe  
  33  3:26  Probe  
  34  3:27  Adept, Probe  
  34  3:30  Sentry, Robotics Facility  
  39  3:39  Probe x2  
  41  3:56  Adept x2  
  41  4:01  Probe  
  46  4:10  Pylon  
  46  4:12  Pylon  
  46  4:20  Probe x2  
  46  4:32  Immortal  
  46  4:33  Probe x2  
  46  4:36  Assimilator  
  46  4:38  Stalker x3, Assimilator  
  58  4:51  Pylon  
  56  4:54  Probe x2  
  58  5:03  Stalker  
  58  5:06  Probe x2  
  58  5:07  Pylon  
  62  5:10  Pylon, Immortal (Chrono Boost)  
  66  5:21  Probe  
  66  5:22  Probe  
  68  5:29  Robotics Bay  
  68  5:33  Probe  
  68  5:34  Probe  
  70  5:40  Immortal (Chrono Boost)  
  74  5:44  Stalker x2  
  78  6:01  Gateway  
  78  6:03  Gateway  
  78  6:05  Gateway  
  78  6:16  Nexus  
  78  6:23  Probe x2  
  80  6:28  Pylon  
  80  6:35  Stalker, Probe x2  
  80  6:36  Forge  
  80  6:39  Observer  
  85  6:47  Probe x2  
  87  7:02  Shield Battery  
  87  7:07  Pylon  
  87  7:08  Probe x2  
  89  7:16  Pylon  
  89  7:19  Pylon  
  89  7:20  Probe x2  
  91  7:22  Stalker  
  91  7:23  Colossus (Chrono Boost)  
  91  7:25  Sentry  
  91  7:28  Sentry x3  
  101  7:45  Stalker  
  101  7:48  Probe  
  101  7:49  Probe x2  
  106  7:55  Assimilator  
  106  7:59  Assimilator  
  106  8:01  Probe x3  
  111  8:13  Zealot  
  111  8:14  Zealot x4  
  93  8:23  Stalker  
  73  8:34  Stalker x2  
  73  8:35  Stalker x3  
  59  8:49  Stalker  
Show
View Real Time Build Order
Export as new Build Order

Hitodemuraga Zerg - Winner!

Build Orders: Hatch First 

Get SALT Encoding   

  12  0:01  Drone  
  13  0:13  Overlord  
  13  0:17  Drone  
  14  0:31  Drone x2  
  14  0:35  Drone  
  17  0:53  Hatchery  
  17  0:54  Drone  
  17  0:58  Drone  
  18  1:08  Extractor  
  17  1:13  Spawning Pool  
  17  1:16  Drone  
  17  1:19  Drone  
  18  1:31  Drone  
  19  1:39  Drone  
  20  1:49  Overlord  
  20  2:01  Queen  
  20  2:05  Queen  
  20  2:06  Zergling x4  
  20  2:08  Metabolic Boost  
  26  2:12  Drone  
  27  2:16  Drone  
  28  2:33  Drone  
  28  2:34  Hatchery  
  28  2:35  Drone  
  29  2:37  Drone  
  30  2:46  Queen  
  30  2:48  Drone  
  33  2:52  Overlord  
  33  3:01  Drone x3  
  36  3:06  Overlord  
  36  3:11  Drone x3  
  39  3:14  Drone  
  39  3:15  Drone  
  39  3:19  Overlord  
  41  3:21  Drone  
  42  3:29  Queen  
  42  3:30  Drone  
  42  3:31  Drone  
  42  3:33  Drone  
  47  3:36  Zergling x2  
  48  3:47  Roach Warren, Lair  
  48  3:48  Drone x2  
  49  3:50  Drone  
  49  3:53  Drone, Extractor  
  49  3:55  Extractor  
  49  3:58  Drone x2  
  49  3:59  Drone x2  
  53  4:23  Drone x2  
  53  4:24  Drone x5  
  59  4:25  Drone x4  
  59  4:26  Drone  
  65  4:33  Spore Crawler  
  65  4:34  Overlord x3  
  64  4:43  Overlord  
  64  4:51  Roach  
  64  4:52  Roach x2  
  76  4:53  Roach x3  
  76  5:03  Spine Crawler  
  76  5:04  Roach x5  
  76  5:05  Roach  
  87  5:08  Overlord  
  87  5:09  Spine Crawler, Roach x2  
  90  5:18  Extractor x2  
  90  5:19  Roach x3  
  96  5:21  Zergling x2, Roach  
  96  5:22  Zergling x2  
  98  5:31  Spore Crawler  
  98  5:32  Roach x2  
  101  5:37  Roach x2  
  101  5:38  Overlord  
  101  5:41  Overlord  
  105  5:45  Drone  
  105  5:47  Overlord  
  106  5:50  Overlord  
  106  6:00  Roach x4  
  106  6:01  Overlord  
  114  6:06  Roach x3  
  114  6:08  Roach x4  
  128  6:11  Glial Reconstitution  
  128  6:22  Roach  
  128  6:23  Roach x4  
  128  6:25  Overlord  
  138  6:33  Overlord  
  138  6:43  Roach x2  
  138  6:44  Roach x2  
  146  6:52  Roach x4  
  152  6:55  Roach  
  152  7:00  Overlord x2  
  154  7:10  Overlord x2  
  154  7:19  Roach x3  
  154  7:20  Roach x4  
  168  7:25  Roach  
  170  7:33  Roach x2  
  170  7:34  Roach  
  173  7:43  Roach x4  
  160  7:49  Ravager x4  
  160  7:50  Roach  
  166  7:53  Roach x2  
  166  7:58  Roach x2  
  148  8:20  Roach x5  
  149  8:29  Roach x4  
  149  8:30  Roach  
Tags
 
Add a new tag
Caveats
  • Supply blocks, unpowered buildings, or Contaminate may cause inaccurate times.
  • Supply counts are checked every 10 seconds.